 Dungeon Crawl Stone Soup version 0.18.1-48-g4cf74bf (webtiles) character file.

338 Inkary the Skirmisher (level 6, -4/56 HPs)
             Began as a Hill Orc Fighter on Aug 28, 2016.
             Slain by Menkaure (11 damage)
             ... in the Ecumenical Temple.
             The game lasted 00:04:24 (3142 turns).

Inkary the Skirmisher (Hill Orc Fighter)            Turns: 3142, Time: 00:04:25

Health: -4/56      AC:  7    Str: 19    XL:     6   Next: 55%
Magic:  6/6        EV:  7    Int:  8    God:
Gold:   247        SH:  9    Dex: 12    Spells: 0 memorised, 5 levels left

rFire  . . .     SeeInvis .     a - +0 war axe
rCold  . . .     Gourm    .     b - +0 scale mail
rNeg   . . .     Faith    .     c - +0 shield
rPois  .         Spirit   .     (no helmet)
rElec  .         Dismiss  .     (no cloak)
rCorr  .         Reflect  .     (no gloves)
SustAt .         Harm     .     (no boots)
MR     .....                    (no amulet)
Stlth  ..........               (no ring)
                                (no ring)

@: not resistant to hostile enchantments, extremely unstealthy
A: no striking features
a: no special abilities


You were in the Ecumenical Temple.
You were not hungry.

You visited 2 branches of the dungeon, and saw 5 of its levels.
You also visited: Sewer.

You collected 247 gold pieces.

Inventory:

Hand Weapons
 a - a +0 war axe (weapon)
Missiles
 i - a throwing net (quivered)
Armour
 b - a +0 scale mail (worn)
 c - a +0 shield (worn)
Jewellery
 e - an uncursed amulet of regeneration {unknown}
 k - an uncursed ring of sustain attributes {unknown}
 u - a cursed amulet of inaccuracy {unknown}
 E - an uncursed ring of ice {unknown}
Wands
 n - a wand of disintegration (10/24)
 p - a wand of digging (14/24)
Scrolls
 d - a scroll of magic mapping {unknown}
 h - 3 scrolls of remove curse {unknown}
 j - 2 scrolls of noise {unknown}
 q - 4 scrolls of identify {unknown}
 r - 3 scrolls of amnesia {unknown}
 w - 3 scrolls of teleportation
 y - a scroll of recharging {unknown}
 A - a scroll of enchant armour {unknown}
Potions
 l - a potion of cure mutation {unknown}
 o - a potion of haste {unknown}
 s - a potion of lignification {unknown}
 t - a potion of heal wounds {unknown}
 z - 4 potions of flight
 C - a potion of cancellation {unknown}
 D - a potion of agility {unknown}
Comestibles
 f - 3 bread rations
 g - 2 slices of pizza
 v - a beef jerky
 x - a meat ration


   Skills:
 + Level 5.4 Fighting
 + Level 4.7 Axes
 + Level 5.0 Armour
 + Level 4.7 Shields


You had 5 spell levels left.
You didn't know any spells.

Dungeon Overview and Level Annotations

Branches:
Dungeon (4/15)             Temple (1/1) D:4

Altars:
Elyvilon
Qazlal
Yredelemnul

Annotations:
Temple Menkaure


Message History

You block Menkaure's attack.
Drink which item? (? for menu, Esc to quit)
You feel better. Menkaure barely misses you. x2
You barely miss Menkaure.
Menkaure is lightly damaged.
You block Menkaure's attack.
You hit Menkaure but do no damage.
Menkaure is lightly damaged.
Menkaure hits you!
* * * LOW HITPOINT WARNING * * *
Menkaure calls on the powers of darkness!
Your body is wracked with pain!
* * * LOW HITPOINT WARNING * * *
Your shield and scale mail prevent you from hitting Menkaure.
Menkaure is lightly damaged.
You block Menkaure's attack.
You slash Menkaure!
Menkaure is severely damaged.
Menkaure hits you!
You die...

##.##.....#
. .........#
#. #........
...#.......#
.........#
#.......#
#.##......#
.......@..#
#.....M..##
#........#
........##
#......##
#.....#
.....# ....#


You could see Menkaure.

Vanquished Creatures
  A howler monkey (D:4)
  An orc wizard (D:4)
  An orc priest (D:4)
  A worker ant (D:4)
  A merfolk avatar (Sewer)
  A siren (Sewer)
  6 adders
  A river rat (Sewer)
  A worm (D:3)
  A dart slug (D:2)
  A giant gecko (D:2)
  2 orcs
  8 ball pythons
  4 giant cockroaches
  9 goblins
  3 hobgoblins
  A jackal (D:1)
  4 kobolds
  3 bats
  11 giant newts
  31 rats
92 creatures vanquished.

Vanquished Creatures (others)
  An orc wizard (D:4)
1 creature vanquished.

Grand Total: 93 creatures vanquished

Notes
Turn   | Place    | Note
--------------------------------------------------------------
     0 | D:1      | Inkary the Hill Orc Fighter began the quest for the Orb.
     0 | D:1      | Reached XP level 1. HP: 19/19 MP: 1/1
    83 | D:1      | Reached XP level 2. HP: 26/27 MP: 2/2
   573 | D:2      | Reached XP level 3. HP: 33/33 MP: 3/3
  1010 | D:2      | Found a basalt altar of Yredelemnul.
  1069 | D:2      | Found a stormy altar of Qazlal.
  1099 | D:2      | Found a white marble altar of Elyvilon.
  1167 | D:3      | Found a faded altar to an unknown god.
  1316 | D:3      | Reached XP level 4. HP: 37/40 MP: 4/4
  1628 | D:3      | Found a glowing drain.
  1634 | Sewer    | Entered a sewer
  1763 | Sewer    | Reached XP level 5. HP: 18/47 MP: 5/5
  2109 | Sewer    | Noticed a malarious merfolk avatar
  2139 | Sewer    | Killed a malarious merfolk avatar
  2463 | D:4      | Reached skill level 5 in Fighting
  2510 | D:4      | Reached XP level 6. HP: 18/56 MP: 6/6
  2833 | D:4      | Noticed Menkaure
  2834 | D:4      | Found a staircase to the Ecumenical Temple.
  2866 | D:3      | Reached skill level 5 in Armour
  3136 | Temple   | Entered the Ecumenical Temple
  3142 | Temple   | Slain by Menkaure

Skill      XL: |  1  2  3  4  5  6 |
---------------+-------------------+-----
Axes           | 3 4 |  4.7
Fighting       | 4 5 |  5.4
Shields        | 4 |  4.7
Armour         | 4 5 |  5.0

Action                   |  1- 3 |  4- 6 || total
-------------------------+-------+-------++-------
Melee: War axe           |   127 |   239 ||   366
  Use: Potion            |       |     6 ||     6
  Eat: Chunk             |     1 |     7 ||     8
Armor: Scale mail        |    67 |   120 ||   187
Dodge: Dodged            |    28 |    63 ||    91
Block: Shield            |    65 |   121 ||   186
